 Dungeon Crawl Stone Soup version 0.27.1 (webtiles) character file.

Game seed: 3345646082947830772

71 MajorAdolf the Sneak (level 4, -4/46 HPs)
             Began as a Naga Wanderer on Aug 23, 2021.
             Killed by divine providence
             ... invoked by an orc priest
              (16 damage)
             ... on level 3 of the Dungeon.
             The game lasted 00:02:27 (1817 turns).

MajorAdolf the Sneak (Naga Wanderer)                Turns: 1817, Time: 00:02:27

Health: -4/46      AC:  7    Str: 14    XL:     4   Next: 24%
Magic:  4/4        EV:  6    Int: 13    God:
Gold:   23         SH:  0    Dex: 11    Spells: 3/3 levels left

rFire    . . .     SeeInvis +   a - +0 hand axe
rCold    . . .     Faith    .   (no shield)
rNeg     . . .     Spirit   .   b - +2 scale mail
rPois    +         Reflect  .   (no helmet)
rElec    .         Harm     .   (no cloak)
rCorr    .         Rampage  .   f - +0 pair of gloves
Will     .....                  (no barding)
Stlth    ++........             g - amulet of magic regeneration
HPRegen  0.15/turn              (no ring)
MPRegen  0.34/turn              (no ring)

@: short of breath, very slow
A: AC +1, large, see invisible, deformed body, poison resistance, slowness 2,
spit poison 1, naga tail 1
a: Spit Poison


You were on level 3 of the Dungeon.
You visited 1 branch of the dungeon, and saw 3 of its levels.

You collected 23 gold pieces.

Inventory:

Hand Weapons
 a - a +0 hand axe (weapon)
 d - a +0 dagger
 e - a +0 dagger
Armour
 b - a +2 scale mail (worn)
 f - a +0 pair of gloves (worn)
Jewellery
 g - an amulet of magic regeneration (around neck)
Scrolls
 h - a scroll of amnesia {unknown}
 i - 2 scrolls of identify {unknown}
 l - a scroll of fear {unknown}
Potions
 j - a potion of cancellation {unknown}
 k - a potion of mutation {unknown}


   Skills:
 + Level 5.0 Fighting
 - Level 1.0 Crossbows
 - Level 1.5 Armour
 - Level 5.8 Stealth


You had 3 spell levels left.
You didn't know any spells.
Your spell library was empty.

Dungeon Overview and Level Annotations

Branches:
Dungeon (3/15)

Altars:


Innate Abilities, Weirdness & Mutations

Your serpentine skin is tough. (AC +1)
You have supernaturally acute eyesight. (SInv)
Armour fits poorly on your strangely shaped body.
Your system is resistant to poisons. (rPois)
You cover ground very slowly.
You can spit poison.
You have a snake-like lower body.


Message History

The orc priest is moderately wounded.
You have got your breath back.
An endoplasm comes into view. x2
Okay, then.
You feel better.
The orc priest hits you but does no damage.
Unknown command.
The endoplasm quivers.
You hit the orc priest.
The orc priest is severely wounded.
The orc priest looks more healthy.
The orc priest looks braver for a moment.
You barely miss the orc priest.
The orc priest is almost dead.
You hit the orc.
The orc priest hits you with a +0 trident.
Unknown command.
You hit the orc priest but do no damage.
The orc priest is almost dead.
You closely miss the orc.
The orc priest casts a cantrip, but nothing happens.
The orc hits you but does no damage.
Unknown command.
You hit the orc priest but do no damage.
The orc priest is almost dead.
You hit the orc.
You kill the orc!
The orc priest invokes the aid of Beogh against you.
Beogh smites you!
* * * LOW HITPOINT WARNING * * *
Your Fighting skill increases to level 5!
Press: ? - help, Shift-Dir - straight line, f/p - orc priest
Aim: an orc priest, wielding a +0 trident and wearing a +0 chain mail (almost dead)
The splash of poison hits the orc priest but does no damage.
The orc priest is almost dead.
Unknown command.
You feel better.
The orc priest mumbles some strange prayers to Beogh against you.
Beogh smites you!
You die...

##. #.#######............#
... #.......#............#
.... #....##.#............#
.....#....##.#............#
.....#....##.#............#
..........##.#............#
o....#...o##.#.#'##.#.#######
.........gJoo..#.##.#........
..........##@#.......########
....#.....##.#.#(..........##
### #..#####)#.###########.##
#.. #.#...........#.## #..
#.###########.#.## #.. #.#
#.........#.## #.. #.#
###...#####.## #.# #...# #.##
################.# #...# #.##


You could see an orc priest, an orc wizard (invisible), an orc, an endoplasm and
a hobgoblin.

Vanquished Creatures
  Natasha (D:2)
  2 dart slugs
  An orc (D:3)
  4 endoplasms
  4 giant cockroaches
  3 goblins
  4 hobgoblins
  A quokka (D:1)
  3 ball pythons (D:1)
  6 bats
  2 frilled lizards (D:1)
  3 kobolds (D:1)
  4 rats
38 creatures vanquished.

Notes
Turn   | Place    | Note
-------+----------+-------------------------------------------
     0 | D:1      | MajorAdolf the Naga Wanderer began the quest for the Orb.
     0 | D:1      | MajorAdolf set off with the following items: a +0 hand axe,
                  | a +2 scale mail, a potion of curing, a +0 dagger
     0 | D:1      | Reached XP level 1. HP: 21/21 MP: 1/1
   276 | D:1      | Reached XP level 2. HP: 28/28 MP: 2/2
   637 | D:1      | Reached XP level 3. HP: 25/36 MP: 3/3
   835 | D:1      | Found a faded altar of an unknown god.
  1341 | D:2      | Noticed Natasha
  1352 | D:2      | Killed Natasha
  1353 | D:2      | Reached XP level 4. HP: 36/45 MP: 4/4
  1816 | D:3      | Reached skill level 5 in Fighting
  1817 | D:3      | Killed from afar by an orc priest

Illustrated notes

Levels and vault maps discovered:
D:1:      minmay_arrival_three_doors, layout_basic,
          chequers_ecumenical_altar_simple
D:2:      layout_basic, serial_shops, nicolae_shop_statue_plus, uniq_sigmund,
          uniq_natasha, uniq_jessica
D:3:      layout_basic, amcnicky_altar_gilded, gammafunk_ghost_stat_death,
          minivault_25, uniq_ijyb, uniq_terence

Skill      XL: |  1  2  3  4 |
---------------+-------------+-----
Fighting       | 4 5 |  5.0
Crossbows      | |  1.0
Armour         | |  1.5
Stealth        | |  5.8

Action                   |  1- 3 |  4- 6 || total
-------------------------+-------+-------++-------
Melee: Hand axe          |   113 |    37 ||   150
 Abil: Spit Poison       |     5 |     2 ||     7
  Use: Potion            |       |     2 ||     2
 Stab: Sleeping          |     2 |       ||     2
Armor: Scale mail        |   109 |    36 ||   145
Dodge: Dodged            |    48 |     9 ||    57
